 Dungeon Crawl Stone Soup version 0.29.1-4-g47bece8355 (webtiles) character file.

Game seed: 9843431269232313822

6680 Gabide the Artisan of Death (level 10, -7/79 HPs)
             Began as a Mummy Necromancer on Dec 7, 2022.
             Was a Priest of Kikubaaqudgha.
             Mangled by a five-headed hydra (10 damage)
             ... on level 10 of the Dungeon.
             The game lasted 00:17:02 (11113 turns).

Gabide the Artisan of Death (Mummy Necromancer)    Turns: 11113, Time: 00:17:03

Health: -7/79      AC:  8    Str: 12    XL:     10   Next: 73%
Magic:  1/14       EV: 19    Int: 19    God:    Kikubaaqudgha [***...]
Gold:   556        SH:  0    Dex: 16    Spells: 2/15 levels left

rFire   . . .      SeeInvis .   m - +9 trident of Kumiklud {pain, rCorr Dex+4 Stlth+}
rCold   + . .      Faith    .   (no shield)
rNeg    + + +      Spirit   .   p - +2 robe {Will+}
rPois   ∞          Reflect  .   (no helmet)
rElec   .          Harm     .   (no cloak)
rCorr   +          Rampage  .   r - +0 pair of gloves
Will    ++...                   l - +2 pair of boots
Stlth   +++.......              (no amulet)
HPRegen 0.23/turn               g - ring of protection from fire
MPRegen 0.14/turn               c - +4 ring of evasion

@: animating dead
A: cold resistance 1, negative energy resistance 3, torment resistance 2, heat
vulnerability 1, in touch with death 1, no potions
a: Renounce Religion, Unearth Wretches


You were on level 10 of the Dungeon.
You worshipped Kikubaaqudgha.
Kikubaaqudgha was most pleased with you.
You visited 2 branches of the dungeon, and saw 11 of its levels.

You collected 556 gold pieces.

Inventory:

Hand Weapons
 m - the +9 trident of Kumiklud (weapon) {pain, rCorr Dex+4 Stlth+}
   (You found it on level 3 of the Dungeon)

   In the hands of one skilled in necromantic magic, it inflicts extra damage on
   living creatures.
   Dex:       It affects your dexterity (+4).
   rCorr:     It protects you from acid and corrosion.
   Stlth:     It makes you more stealthy.
Armour
 l - a +2 pair of boots (worn)
 p - a +2 robe of willpower (worn)
 r - a +0 pair of gloves (worn)
Jewellery
 c - a +4 ring of evasion (right hand)
 f - a ring of fire
 g - a ring of protection from fire (left hand)
 u - an amulet of regeneration
Wands
 a - a wand of flame (21)
 s - a wand of iceblast (5)
Scrolls
 b - 5 scrolls of amnesia
 d - 5 scrolls of teleportation
 e - a scroll of immolation
 h - 2 scrolls of torment {unknown}
 i - a scroll of brand weapon
 j - a scroll of enchant armour {unknown}
 k - 4 scrolls of enchant weapon
 n - a scroll of poison {unknown}
 o - a scroll of noise {unknown}
 q - a scroll of vulnerability {unknown}
 t - a scroll of identify


   Skills:
 - Level 7.0 Fighting
 - Level 1.6 Short Blades
 + Level 6.8 Polearms
 + Level 6.8 Dodging
 - Level 2.0 Stealth
 - Level 3.0 Spellcasting
 - Level 10.0 Necromancy


You had 2 spell levels left.
You knew the following spells:

 Your Spells              Type           Power      Damage    Failure   Level
a - Necrotise             Necr           100%       1d9       1%          1
b - Vampiric Draining     Necr           57%        2d10      1%          3
c - Animate Dead          Necr           57%        N/A       2%          4
d - Agony                 Necr           57%        N/A       7%          5

Your spell library contained the following spells:

 Spells                   Type           Power      Damage    Failure   Level
 Ensorcelled Hibernation  Hex/Ice        4%         N/A       22%         2
 Poisonous Vapours        Pois/Air       4%         N/A       22%         2
 Dispel Undead            Necr           57%        3d20      2%          4
 Anguish                  Hex/Necr       16%        N/A       19%         4
 Corpse Rot               Necr/Pois/Air  23%        N/A       36%         4
 Borgnjor's Vile Clutch   Necr/Erth      16%        N/A       47%         5
 Passage of Golubria      Tloc           2%         N/A       83%         4
 Petrify                  Tmut/Erth      2%         N/A       83%         4
 Simulacrum               Ice/Necr       16%        N/A       96%         6
 Irradiate                Conj/Tmut      1%         3d12      99%         5
 Silence                  Hex/Air        1%         N/A       99%         5
 Lehudib's Crystal Spear  Conj/Erth      1%         10d2      100%        8
 Sublimation of Blood     Necr           Unusable   N/A       N/A         2
 Spider Form              Tmut/Pois      Unusable   N/A       N/A         3

Dungeon Overview and Level Annotations

Branches:
Dungeon (10/15)            Temple (1/1) D:5
   Lair: D:8-11         Orc: D:9-12

Altars:
Ashenzari
Cheibriados
Dithmenos
Fedhas
Gozag
Hepliaklqana
Kikubaaqudgha
Makhleb
Nemelex Xobeh
Okawaru
Qazlal
Ru
Sif Muna
Trog
Uskayaw
Wu Jian
Xom
Yredelemnul

Shops:
D:2 :?!(

Annotations:
D:4 2 transporters
D:5 2 runed translucent doors, ChadusMaximus's ghost, novice HuSu
D:8 3 runed translucent doors, Henri's ghost, novice MfGl
D:9 ripuliukko's ghost, journeyman GrEE


Innate Abilities, Weirdness & Mutations

You are immune to poison.
Your flesh is cold resistant. (rC+)
You are immune to negative energy. (rN+++)
You are immune to unholy pain and torment.
You are vulnerable to heat. (rF-)
You are in touch with the powers of death.
You do not drink.


Message History

The tengu warrior completely misses you.
You puncture the five-headed hydra!
The five-headed hydra is severely wounded.
The five-headed hydra closely misses you. x2
The five-headed hydra bites you. x2
The five-headed hydra completely misses you.
The tengu warrior misses you. The tengu warrior barely misses you.
The tengu warrior claws you but does no damage.
You puncture the five-headed hydra!
The five-headed hydra is almost dead.
The five-headed hydra bites you but does no damage. x2
The five-headed hydra misses you. The five-headed hydra bites you.
* * * LOW HITPOINT WARNING * * *
The five-headed hydra misses you. The tengu warrior barely misses you.
The tengu warrior pecks you but does no damage.
The tengu warrior closely misses you.
The yaktaur hits you but does no damage.
You puncture the five-headed hydra!
The five-headed hydra is almost dead.
The five-headed hydra bites you.
* * * LOW HITPOINT WARNING * * *
The five-headed hydra bites you.
* * * LOW HITPOINT WARNING * * *
The five-headed hydra bites you.
* * * LOW HITPOINT WARNING * * *
The five-headed hydra barely misses you.
The five-headed hydra misses you. The tengu warrior closely misses you.
The tengu warrior pecks you.
* * * LOW HITPOINT WARNING * * *
The tengu warrior claws you.
* * * LOW HITPOINT WARNING * * *
The yaktaur hits you.
* * * LOW HITPOINT WARNING * * *
A basilisk comes into view.
The basilisk hisses angrily.
You hit the five-headed hydra.
The five-headed hydra is almost dead.
The five-headed hydra bites you!
You die...
Kikubaaqudgha rasps: "You have failed me!
Welcome... oblivion!"

.###### .# .#.. ...... #
.##.... .....# .#### l
...$... .......
......#....... .#.....
#..#.#........ ........#
.#.#......# ..........
#.#.#.....##
...#......##.##QDc.!..##
............#.#.@.......
...#.......#.#..........
.............#..........
...........##...........
........................
#.......#...............
##.....................#
##.....................
#........#............


You could see a five-headed hydra, a tengu warrior, a yaktaur and a basilisk.

Vanquished Creatures
  A two-headed ogre (D:9)
  Pikel (D:4)
  A shadow (D:10)
  4 yaks (D:8)
  2 wraiths (D:9)
  Eustachio (D:5)
  Edmund (D:5)
  Menkaure (D:6)
  Duvessa (D:7)
  6 orc warriors
  4 black bears
  An ogre (D:9)
  7 centaurs
  A phantom (D:4)
  3 kobold brigands
  A gnoll sergeant (D:9)
  2 necrophages
  4 bullfrogs
  2 scorpions
  13 wights
  2 killer bees (D:10)
  5 howler monkeys
  2 hounds
  5 orc priests
  A jelly (D:8)
  Ijyb (D:5)
  An iguana (D:3)
  4 orc wizards
  5 gnolls (D:9)
  7 adders
  2 shadow imps (D:5)
  2 white imps (D:7)
  An ufetubus (D:4)
  A worm (D:5)
  3 dart slugs
  35 orcs
  6 endoplasms
  6 giant cockroaches
  6 goblins
  11 hobgoblins
  7 jackals
  16 kobolds
  3 quokkas
  7 ball pythons
  6 bats
  2 frilled lizards
  A rat (D:2)
205 creatures vanquished.

Vanquished Creatures (collateral kills)
  A wight (D:9)
  A gnoll bouda (D:9)
  5 gnolls (D:9)
  2 orcs (D:9)
  A kobold (D:3)
  A frilled lizard (D:1)
  A rat (D:1)
12 creatures vanquished.

Vanquished Creatures (others)
  A two-headed ogre zombie (D:9)
  Dowan (D:7)
  An ogre zombie (D:9)
  5 gnoll zombies (D:9)
  2 kobolds (D:7)
  17 orc zombies (D:9)
  5 plants (D:9)
32 creatures vanquished.

Grand Total: 249 creatures vanquished

Notes
Turn   | Place    | Note
-------+----------+-------------------------------------------
     0 | D:1      | Gabide the Mummy Necromancer began the quest for the Orb.
     0 | D:1      | Reached XP level 1. HP: 13/13 MP: 4/4
   106 | D:1      | Reached XP level 2. HP: 19/19 MP: 4/6
   540 | D:1      | Reached skill level 1 in Fighting
   562 | D:1      | Found a faded altar of an unknown god.
  1041 | D:2      | Found Emienyps's Distillery.
  1057 | D:2      | Gained mutation: You are in touch with the powers of death.
                  | [Mummy growth]
  1057 | D:2      | Reached XP level 3. HP: 26/26 MP: 4/7
  1085 | D:2      | Found a shimmering altar of Xom.
  1131 | D:2      | Found Dean's Weapon Shoppe.
  1432 | D:2      | Found Ahyaf's Book Shoppe.
  1646 | D:2      | Found Bateij's Magic Scroll Shoppe.
  1968 | D:3      | Reached skill level 1 in Short Blades
  2379 | D:3      | Reached XP level 4. HP: 28/33 MP: 2/8
  2466 | D:3      | Identified the +9 trident of Kumiklud {pain, rCorr Dex+4
                  | Stlth+}
  2636 | D:3      | Reached skill level 1 in Polearms
  2841 | D:4      | Found a shimmering blue altar of Sif Muna.
  2842 | D:4      | Found an opulent altar of Gozag.
  2904 | D:4      | Found a transporter.
  3004 | D:4      | Noticed a scorpion
  3010 | D:4      | Killed a scorpion
  3011 | D:4      | Reached XP level 5. HP: 32/38 MP: 9/9
  3202 | D:4      | Found a transporter.
  3354 | D:4      | Noticed a phantom
  3359 | D:4      | Killed a phantom
  3360 | D:4      | Reached XP level 6. HP: 40/47 MP: 10/10
  3644 | D:5      | Entered Level 5 of the Dungeon
  3653 | D:5      | Noticed Pikel
  3673 | D:5      | HP: 2/47 [orc priest/divine providence (13)]
  4366 | D:4      | Killed Pikel
  4367 | D:4      | Reached skill level 6 in Necromancy
  4367 | D:4      | Reached XP level 7. HP: 41/52 MP: 8/11
  4534 | D:5      | Found a runed translucent door.
  4535 | D:5      | Noticed ChadusMaximus's ghost (novice HuSu)
  4614 | D:5      | Noticed Edmund
  4627 | D:5      | Killed Edmund
  4859 | D:5      | Found a runed translucent door.
  4912 | D:5      | Reached XP level 8. HP: 50/60 MP: 12/12
  4996 | D:5      | Found a staircase to the Ecumenical Temple.
  5024 | D:5      | Noticed Eustachio
  5042 | D:5      | Killed Eustachio
  5066 | Temple   | Entered the Ecumenical Temple
  5086 | Temple   | Became a worshipper of Kikubaaqudgha
  5138 | D:5      | Noticed Ijyb
  5146 | D:5      | Killed Ijyb
  5425 | D:6      | Reached skill level 5 in Fighting
  5447 | D:6      | Reached skill level 5 in Polearms
  5447 | D:6      | Reached skill level 5 in Dodging
  5606 | D:6      | Reached * piety under Kikubaaqudgha
  5606 | D:6      | Received a gift from Kikubaaqudgha
  5853 | D:6      | Reached XP level 9. HP: 68/68 MP: 13/13
  5889 | D:6      | Reached skill level 7 in Necromancy
  5927 | D:6      | Noticed Menkaure
  5934 | D:6      | Killed Menkaure
  6037 | D:6      | Reached skill level 8 in Necromancy
  6584 | D:7      | Noticed Duvessa
  6585 | D:7      | Noticed Dowan
  6595 | D:7      | Killed Duvessa
  6599 | D:7      | Killed Dowan
  6614 | D:7      | Reached skill level 9 in Necromancy
  7277 | D:7      | Reached skill level 10 in Necromancy
  7519 | D:8      | Noticed Henri's ghost (novice MfGl)
  7897 | D:8      | Found a runed translucent gate.
  7897 | D:8      | Found a runed translucent gate.
  7897 | D:8      | Found a runed translucent gate.
  8095 | D:8      | Identified the +3 scale mail of the Miller {Harm}
  8138 | D:8      | Reached ** piety under Kikubaaqudgha
  8539 | D:8      | Reached XP level 10. HP: 42/76 MP: 14/14
  8787 | D:8      | Learned a level 3 spell: Vampiric Draining
  8792 | D:8      | Learned a level 4 spell: Animate Dead
  8798 | D:8      | Learned a level 5 spell: Agony
  9021 | D:9      | Found a runed translucent door.
  9022 | D:9      | Noticed a two-headed ogre
  9031 | D:9      | Killed a two-headed ogre
 10162 | D:9      | Reached *** piety under Kikubaaqudgha
 10162 | D:9      | Received a gift from Kikubaaqudgha
 10456 | D:9      | Noticed ripuliukko's ghost (journeyman GrEE)
 10735 | D:10     | Entered Level 10 of the Dungeon
 11103 | D:10     | Noticed a five-headed hydra
 11104 | D:10     | Noticed a tengu warrior
 11112 | D:10     | HP: 3/79 [yaktaur (5)]
 11113 | D:10     | Mangled by a five-headed hydra

Illustrated notes

Levels and vault maps discovered:
D:1:      scummos_arrival_simple_crosswalls, layout_loops_ring,
          dreamdust_ecumenical_altar_statues, minmay_strange_pillars
D:2:      layout_loops_ring, basic_altar, serial_shops,
          nicolae_shop_behind_doors, shop, nicolae_shop_hallway_stairs,
          nicolae_square_shop, st_stairs_4
D:3:      layout_basic, minmay_quadrilaterals
D:4:      gammafunk_cloud_chamber, layout_basic, nicolae_overflow_squiral,
          minmay_fractal_squares_5
D:5:      layout_loops_ring, minmay_temple_entry_large_hall,
          ebering_ghost_sewer_f, uniq_edmund, uniq_ijyb, uniq_eustachio,
          uniq_pikel
D:6:      layout_loops_ring, uniq_menkaure
D:7:      cheibrodos_helix_gallery, layout_basic, uniq_duvessa
D:8:      layout_loops_ring, gammafunk_ghost_icy, roderic_lattice_a,
          grunt_ministairs_7
D:9:      corexii_shack_village, layout_loops_ring,
          ebering_ghost_reflecting_pool, special_room [special_room_orc]
D:10:     minmay_the_grid_four_pointed_star_mashed
          [minmay_the_grid_triangle_9x9_corruption,
          minmay_the_grid_triangle_9x9_from_above,
          minmay_the_grid_triangle_9x9_semitri,
          minmay_the_grid_triangle_9x9_descending_squares,
          minmay_the_grid_prize_inner_circle], layout_cross, old_standard_altar,
          serial_glass, glass_columns_c, glass_columns_b, glass_columns_c,
          glass_columns_a, glass_columns_b, glass_columns_b, glass_columns_a,
          glass_columns_c, amcnicky_altar_lugonu_corruption
Temple:   hellmonk_temple_of_storms

Skill      XL: |  1  2  3  4  5  6  7  8  9 10 |
---------------+-------------------------------+-----
Spellcasting   | 3 |  3.0
Dodging        | 2 3 5 6 |  6.8
Stealth        | 2 |  2.0
Fighting       | 1 2 3 4 5 7 |  7.0
Short Blades   | 1 |  1.6
Polearms       | 2 3 5 6 |  6.8
Necromancy     | 6 10 | 10.0

Action                   |  1- 3 |  4- 6 |  7- 9 | 10-12 || total
-------------------------+-------+-------+-------+-------++-------
Melee: Trident           |       |    69 |   245 |   164 ||   478
       Punch             |       |       |     3 |     1 ||     4
 Cast: Necrotise         |    72 |    13 |     6 |    18 ||   109
       Animate Dead      |       |       |       |     3 ||     3
       Vampiric Draining |       |       |       |     1 ||     1
       Agony             |       |       |       |     1 ||     1
Evoke: Wand              |       |       |       |     3 ||     3
  Use: Scroll            |       |     5 |     1 |     1 ||     7
 Stab: Sleeping          |       |     1 |    12 |     5 ||    18
       Distracted        |       |       |     1 |     1 ||     2
Armor: Robe              |     1 |     4 |    41 |    20 ||    66
Dodge: Dodged            |     7 |    42 |   211 |    95 ||   355
